 Dungeon Crawl Stone Soup version 0.27.0-1-g7a089689b8 (webtiles) character file.

Game seed: 18196727967167352398

47 Alakanar the Magician (level 3, -1/25 HPs)
             Began as a Djinni Air Elementalist on Aug 4, 2021.
             Was an Initiate of Qazlal.
             Slain by Robin (4 damage)
             ... on level 2 of the Dungeon.
             The game lasted 00:08:55 (2014 turns).

Alakanar the Magician (Djinni Air Elementalist)     Turns: 2014, Time: 00:08:55

Health: -1/25      AC:  2    Str:  7    XL:     3   Next: 97%
Gold:   52         EV: 12    Int: 17    God:    Qazlal [......] SH:  0 Dex: 13

rFire    + + .     SeeInvis .   i - +0 dagger (speed)
rCold    x . .     Faith    .   (no shield)
rNeg     . . .     Spirit   .   a - +0 robe
rPois    ∞         Reflect  .   (no helmet)
rElec    .         Harm     .   (no cloak)
rCorr    .         Rampage  .   (no gloves)
Will     .....                  (boots unavailable)
Stlth    ++........             (no amulet)
HPRegen  0.08/turn              (no ring)
MPRegen  0.00/turn              (no ring)

@: flying, very slightly contaminated
A: sickness immunity, fire resistance 2, cold vulnerability 1, float, innate
caster, hp casting, extra vitality 1
a: Renounce Religion


You were on level 2 of the Dungeon.
You worshipped Qazlal.
Qazlal was noncommittal.
You visited 1 branch of the dungeon, and saw 2 of its levels.

You collected 78 gold pieces.
You spent 26 gold pieces at shops.

Inventory:

Hand Weapons
 i - a +0 dagger of speed (weapon)
Missiles
 b - 19 poisoned darts
Armour
 a - a +0 robe (worn)
Scrolls
 c - a scroll of teleportation {unknown}
 d - 4 scrolls of identify
 f - a scroll of fog {unknown}
 g - a scroll of blinking {unknown}
 h - a scroll of amnesia {unknown}
 j - a scroll of enchant armour {unknown}
 k - a scroll of enchant weapon {unknown}
Potions
 e - a potion of lignification {unknown}


   Skills:
 + Level 2.5 Dodging
 + Level 1.9 Stealth
 + Level 3.3 Spellcasting


You couldn't memorise any spells.
You knew the following spells:

 Your Spells              Type           Power      Damage    Failure   Level
a - Shock                 Conj/Air       56%        1d6       4%          1
b - Static Discharge      Conj/Air       14%        N/A       6%          2
c - Swiftness             Air            14%        N/A       13%         3
d - Airstrike             Air            7%         N/A       38%         4
e - Sting                 Tmut/Pois      56%        1d5       4%          1
Your spell library was empty.

Dungeon Overview and Level Annotations

Branches:
Dungeon (2/15)

Altars:
Qazlal

Shops:
D:2 ?

Annotations:
D:2 Robin


Innate Abilities, Weirdness & Mutations

You are immune to sickness and miasma.
You are immune to poison.
Your flesh is very heat resistant. (rF++)
You are vulnerable to cold. (rC-)
You float through the air rather than walking.
You learn spells naturally, not from books.
Your magical power is your life essence.
You have superior vitality. (+4 HP)


Message History

Casting: Shock (safe; 4% risk of failure)
Confirm with . or Enter, or press ? or * to list all spells.
Aiming: Shock (safe; 4% risk of failure)
Press: ? - help, Shift-Dir - straight line The zap misses the hobgoblin.
The zap misses Robin.
Robin points. "Kill!"
Robin roars a battlecry!
The goblins go into a battle-frenzy!
The goblin closely misses you.
Casting: Shock (safe; 4% risk of failure)
Confirm with . or Enter, or press ? or * to list all spells.
The spell is quite dangerous to cast (13% risk of failure)!
Continue anyway?
You miscast Swiftness.
You are very lightly contaminated with residual magic.
Nothing appears to happen.
The goblin hits you with a +0 club. The goblin hits you with a +0 club.
Okay, then.
Casting: Swiftness (quite dangerous; 13% risk of failure)
Confirm with . or Enter, or press ? or * to list all spells.
The goblin is struck by an arc of lightning.
The goblin is severely wounded.
Robin is struck by an arc of lightning!
Robin is severely wounded.
The hobgoblin is struck by an arc of lightning.
You kill the hobgoblin!
Qazlal accepts your kill.
The lightning grounds out.
* * * LOW HITPOINT WARNING * * *
A goblin comes into view. It is wielding a +0 dagger.
Casting: Static Discharge (safe; 6% risk of failure)
Confirm with . or Enter, or press ? or * to list all spells.
The goblin is struck by an arc of lightning!
You kill the goblin!
Qazlal accepts your kill.
You are struck by an arc of lightning.
* * * LOW HITPOINT WARNING * * *
The lightning grounds out.
* * * LOW HITPOINT WARNING * * *
Robin hits you with a +0 club.
You die...

.### ### .. #.. .. )#######
###.#### ###g# ........
######....#.. ...# #.......
#.........#.#.###).# #.......
#.##'''''.#.#....†.# #.......
....'''''.#)#####g########.......
....''_''.......@).......'....>..
....'''''.....###.########.......
##..'''''.....# #................
#.##.........# #########........
# #.##......# ######........ .
#.##..#'### #........##### .
#.....#.########.............
.######...#...................###
......#...##########...#####..#


You could see Robin and a goblin (strong).

Vanquished Creatures
  A gnoll (D:1)
  2 dart slugs (D:1)
  8 endoplasms
  7 goblins
  3 hobgoblins
  3 kobolds
  2 quokkas (D:1)
  A ball python (D:1)
  3 bats
  A frilled lizard (D:2)
  2 rats (D:1)
33 creatures vanquished.

Notes
Turn   | Place    | Note
-------+----------+-------------------------------------------
     0 | D:1      | Alakanar the Djinni Air Elementalist began the quest for
                  | the Orb.
     0 | D:1      | Reached XP level 1. HP: 15/15 MP: 0/0
   258 | D:1      | Reached XP level 2. HP: 5/21 MP: 0/0
   814 | D:1      | Reached skill level 3 in Spellcasting
   814 | D:1      | Reached XP level 3. HP: 19/25 MP: 0/0
   814 | D:1      | Learned a level 1 spell: Sting
  1333 | D:1      | Found a stormy altar of Qazlal.
  1349 | D:1      | Became a worshipper of Qazlal Stormbringer
  1708 | D:2      | Found Wirorph's Magic Scroll Shoppe.
  1716 | D:2      | Bought a scroll of identify for 26 gold pieces
  1889 | D:2      | Found a faded altar of an unknown god.
  2006 | D:2      | Noticed Robin
  2014 | D:2      | Slain by Robin

Illustrated notes

Levels and vault maps discovered:
D:1:      minmay_arrival_split_and_join, layout_basic, minmay_hexomino_r4
D:2:      layout_basic, serial_shops, shop,
          hellmonk_ecumenical_altar_heavens_door, uniq_robin

Skill      XL: |  1  2 |
---------------+-------+-----
Spellcasting   | 3 |  3.3
Dodging        | |  2.5
Stealth        | |  1.9

Action                   || total
-------------------------++-------
 Cast: Shock             ||    68
       Static Discharge  ||     2
       Sting             ||     1
Dodge: Dodged            ||    10
